 Dungeon Crawl Stone Soup version 0.28-a0-178-ga708605c5b (webtiles) character file.

Game seed: 11554138393591408160

23515 lunkers the Thaumaturge (level 13, -3/110 HPs)
             Began as a Djinni Earth Elementalist on Aug 17, 2021.
             Was a High Priest of Ashenzari.
             Slain by an orc warrior (9 damage)
             ... on level 2 of the Orcish Mines.
             The game lasted 00:28:05 (14437 turns).

lunkers the Thaumaturge (DjEE)                     Turns: 14437, Time: 00:28:06

Health: -3/110     AC:  6    Str:  7    XL:     13   Next: 35%
Gold:   885        EV: 17    Int: 20    God:    Ashenzari [*****.] SH:  8 Dex: 16

rFire   + + .      SeeInvis +   n - staff of conjuration (curse) {Evo, Range}
rCold   . . .      Faith    .   c - +2 buckler "Prophetic Vision" {Fort, Cun} (curse)
rNeg    . . .      Spirit   .   w - +1 leather armour "Fetters of Ashenzari" {rC+, Melee, Self} (curse)
rPois   ∞          Reflect  .   m - +0 helmet of Ashenzari's Sun {Fort, Range} (curse)
rElec   .          Harm     .   q - +0 cloak "Regret of Ashenzari" {Cun, Self} (curse)
rCorr   .          Rampage  .   (no gloves)
Will    +....      Clarity  +   (boots unavailable)
Stlth   +++.......              k - amulet of the Fated Anxiety {Regen+, Self, Melee} (curse)
HPRegen 1.28/turn               o - ring "Lashed Adversity" {Wiz, Fort, Melee} (curse)
MPRegen 0.00/turn               (no ring)

@: flying
A: sickness immunity, fire resistance 2, cold vulnerability 1, float, innate
caster, hp casting, extra vitality 1
a: Renounce Religion, Curse Item, Shatter the Chains


You were on level 2 of the Orcish Mines.
You worshipped Ashenzari.
Ashenzari was extremely pleased with you.
You visited 2 branches of the dungeon, and saw 14 of its levels.
You also visited: Ossuary.

You collected 885 gold pieces.

Inventory:

Hand Weapons
 r - a +1 demon blade of electrocution
Missiles
 h - 350 stones
 z - 3 throwing nets
Armour
 c - the cursed +2 buckler "Prophetic Vision" (worn) {Fort, Cun}
   (You found it on level 2 of the Dungeon)

   It has a curse which improves the following skills: Fortitude: Armour and
   Shields.
   Cunning:   Dodging and Stealth.
 g - a +4 scale mail
 m - the cursed +0 helmet of Ashenzari's Sun (worn) {Fort, Range}
   (You took it off Robin on level 4 of the Dungeon)

   It has a curse which improves the following skills: Fortitude: Armour and
   Shields.
   Ranged Combat: Slings, Bows, Crossbows and Throwing.
 q - the cursed +0 cloak "Regret of Ashenzari" (worn) {Cun, Self}
   (You took it off Crazy Yiuf on level 4 of the Dungeon)

   It has a curse which improves the following skills: Cunning: Dodging and
   Stealth.
   Introspection: Fighting and Spellcasting.
 w - the cursed +1 leather armour "Fetters of Ashenzari" (worn) {rC+, Melee, Self}
   (You took it off an orc priest on level 7 of the Dungeon)

   It has a curse which improves the following skills: Melee Combat: Short
   Blades, Long Blades, Axes, Maces & Flails, Polearms, Staves and Unarmed
   Combat.
   Introspection: Fighting and Spellcasting.
 D - +0 acid dragon scales
 L - a +2 robe of cold resistance
Magical Staves
 n - a cursed staff of conjuration (weapon) {Evo, Range}
 M - a staff of cold
Jewellery
 k - the cursed amulet of the Fated Anxiety (around neck) {Regen+, Self, Melee}
   (You found it on level 6 of the Dungeon)

   [amulet of regeneration]

   Regen:     It increases your rate of health regeneration.
   It has a curse which improves the following skills: Introspection: Fighting
   and Spellcasting.
   Melee Combat: Short Blades, Long Blades, Axes, Maces & Flails, Polearms,
   Staves and Unarmed Combat.
 o - the cursed ring "Lashed Adversity" (left hand) {Wiz, Fort, Melee}
   (You found it on level 4 of the Dungeon)

   [ring of wizardry]

   It improves your spell success rate.
   It has a curse which improves the following skills: Fortitude: Armour and
   Shields.
   Melee Combat: Short Blades, Long Blades, Axes, Maces & Flails, Polearms,
   Staves and Unarmed Combat.
Wands
 A - a wand of digging (6)
 B - a wand of flame (23)
 C - a wand of acid (6)
 F - a wand of paralysis (6)
 H - a wand of charming (3)
 K - a wand of mindburst (15)
Scrolls
 d - 2 scrolls of fear
 f - 5 scrolls of teleportation
 l - 2 scrolls of vulnerability
 p - 2 scrolls of enchant armour
 u - 2 scrolls of blinking
 y - 2 scrolls of fog
 I - a scroll of enchant weapon
 J - a scroll of summoning
Potions
 a - 4 potions of mutation
 b - 3 potions of ambrosia
 e - 2 potions of berserk rage
 i - 3 potions of invisibility
 j - 3 potions of lignification
 s - 5 potions of curing
 t - 3 potions of brilliance
 v - 2 potions of might
 x - 2 potions of haste
 E - a potion of heal wounds
Miscellaneous
 G - a condenser vane


   Skills:
 + Level 11.4(16.3) Fighting
 + Level 8.2(12.1) Dodging
 - Level 1.5(4.2) Stealth
 - Level 4.0(8.8) Shields
 * Level 12.6(17.4) Spellcasting


You had 17 spell levels left.
You knew the following spells:

 Your Spells              Type           Power      Damage    Failure   Level
a - Stone Arrow           Conj/Erth      100%       3d13      0%          3
b - Passwall              Tmut/Erth      60%        N/A       0%          2
c - Sandblast             Erth           100%       2d20      0%          1
d - Petrify               Tmut/Erth      72%        N/A       1%          4
e - Foxfire               Conj/Fire      100%       2x1d9     0%          1
f - Call Imp              Summ           72%        N/A       0%          2
g - Ozocubu's Armour      Ice            72%        N/A       0%          3
h - Dispel Undead         Necr           72%        3d24      1%          4
i - Leda's Liquefaction   Hex/Erth       36%        N/A       1%          4
j - Freezing Cloud        Conj/Ice/Air   46%        6-21      1%          5
Your spell library was empty.

Dungeon Overview and Level Annotations

Branches:
Dungeon (12/15)            Temple (0/1) D:6            Lair (0/6) D:8
    Orc (2/2) D:11        Ossuary (visited)
    Elf: Orc:2

Altars:
Ashenzari
Cheibriados
Kikubaaqudgha
Nemelex Xobeh
Trog
Wu Jian
Yredelemnul
Beogh

Shops:
D:4 (   D:5 (   D:10 [

Portals:
Abyss: Orc:1

Annotations:
D:9 3 runed translucent doors, Atlas's ghost, novice DrTm
Orc:1 2 transporters, Phlounder's ghost, journeyman DjCj


Innate Abilities, Weirdness & Mutations

You are immune to sickness and miasma.
You are immune to poison.
Your flesh is very heat resistant. (rF++)
You are vulnerable to cold. (rC-)
You float through the air rather than walking.
You learn spells naturally, not from books.
Your magical power is your life essence.
You have superior vitality. (+4 HP)


Message History

Casting: Stone Arrow (safe; 0% risk of failure)
Confirm with . or Enter, or press ? or * to list all spells.
Aiming: Stone Arrow (safe; 0% risk of failure)
Press: ? - help, Shift-Dir - straight line, f - orc knight, p - orc warlord
Aim: an orc knight, wielding a +0 halberd and wearing a +0 plate armour (strong, 78% to hit)
You feel a surge of power!
The stone arrow hits the orc knight!
The orc knight is lightly wounded.
The orc knight roars a battlecry!
The orc warlord goes into a battle-frenzy!
The orc warlord hits you from afar with a +0 halberd!!
Unknown command.
Unknown command.
Casting: Stone Arrow (safe; 0% risk of failure)
Confirm with . or Enter, or press ? or * to list all spells.
Aiming: Stone Arrow (safe; 0% risk of failure)
Press: ? - help, Shift-Dir - straight line, f/p - orc knight
Aim: an orc knight, wielding a +0 halberd and wearing a +0 plate armour (lightly wounded, strong, 78% to hit)
Okay, then.
Casting: Stone Arrow (safe; 0% risk of failure)
Confirm with . or Enter, or press ? or * to list all spells.
Okay, then.
Casting: Stone Arrow (safe; 0% risk of failure)
Confirm with . or Enter, or press ? or * to list all spells.
Aiming: Freezing Cloud (safe; 1% risk of failure)
Press: ? - help, Dir - move target, f - orc warrior, p - orc knight
Aim: an orc warrior, wielding a +0 glaive and wearing a +0 chain mail (strong)
You feel a surge of power! That beam is likely to hit you.
Continue anyway?
The orc warrior is engulfed in freezing vapours.
The orc warrior hits you from afar with a +0 glaive!!
* * * LOW HITPOINT WARNING * * *
An orc high priest comes into view.
It is wielding a +1 hand axe of electrocution.
The orc knight hits you from afar with a +0 halberd!!
* * * LOW HITPOINT WARNING * * *
The orc warlord is engulfed in freezing vapours.
The orc warlord completely misses you.
Unknown command.
The orc warrior is engulfed in freezing vapours.
The orc warrior hits you from afar with a +0 glaive!
You die...

* ** * * #### ,,, *
####.#.## ,, , *
####.....# * *
####..$.#$.. , , ,,
###..@....... , ,
,* *#..§§§[......
,, ,8 , ,, ,
#...ooo.......,,, ,
, , ,,
,.....[§§§o......
,, *, ,
P.......o....$#. ∩
,, ,
.......h........ ,,
*, ,
,.P.............. ,
,
,......o...o.....,,
, ,,
................ ,
,,


You could see an orc warlord (strong), an orc knight (strong), an orc high
priest (strong), a warg and 4 orc warriors.

Vanquished Creatures
  Fannar (Orc:1)
  Harold (D:7)
  A boulder beetle (D:11)
  3 two-headed ogres
  An orc high priest (Orc:2)
  Nergalle (Orc:1)
  Sonja (Orc:1)
  2 cyclopes
  An orc sorcerer (Orc:1)
  A manticore (D:12)
  Maurice (Orc:1)
  6 orange demons (D:10)
  A gargoyle (D:12)
  3 red devils (D:10)
  Grinder (D:4)
  7 trolls
  A hornet (D:8)
  Sigmund (D:6)
  A vampire (D:12)
  11 yaks
  4 wyverns
  3 wraiths
  A steam dragon (D:7)
  4 basilisks
  Edmund (D:4)
  3 acid dragons
  3 water moccasins (D:8)
  13 orc warriors
  Duvessa (D:6)
  2 sky beasts
  3 ice beasts
  2 necrophages
  5 ogres
  11 centaurs
  3 phantoms
  An elf zombie (Ossuary)
  3 kobold brigands
  2 bullfrogs
  Dowan (D:6)
  A killer bee (D:7)
  5 howler monkeys
  7 centaur zombies
  A centaur skeleton (D:5)
  A hound (D:5)
  2 human zombies (Ossuary)
  13 orc priests
  2 jellies
  Crazy Yiuf (D:4)
  An iguana (D:7)
  Jessica (D:3)
  16 orc wizards
  A scorpion zombie (D:5)
  2 killer bee zombies
  4 mummies (Ossuary)
  Robin (D:4)
  4 adders
  2 white imps
  An adder zombie (Ossuary)
  An adder skeleton (D:4)
  3 worms
  A dart slug (D:3)
  50 orcs
  8 endoplasms
  6 giant cockroaches
  23 goblins
  8 hobgoblins
  6 jackals
  17 kobolds
  2 quokkas
  9 ball pythons
  4 bats
  A frilled lizard (D:2)
  2 goblin zombies (Ossuary)
  A hobgoblin zombie (Ossuary)
  A jackal zombie (Ossuary)
  A kobold zombie (Ossuary)
  An orc zombie (Ossuary)
  A rat (D:2)
  2 rat zombies (Ossuary)
326 creatures vanquished.

Vanquished Creatures (others)
  6 fungi
  5 plants
11 creatures vanquished.

Grand Total: 337 creatures vanquished

Notes
Turn   | Place    | Note
-------+----------+-------------------------------------------
     0 | D:1      | lunkers the Djinni Earth Elementalist began the quest for
                  | the Orb.
     0 | D:1      | Reached XP level 1. HP: 15/15 MP: 0/0
    21 | D:1      | Found a faded altar of an unknown god.
   160 | D:1      | Reached XP level 2. HP: 20/22 MP: 0/0
   313 | D:1      | Reached skill level 1 in Fighting
   507 | D:1      | Reached XP level 3. HP: 22/27 MP: 0/0
   507 | D:1      | Learned a level 1 spell: Foxfire
   607 | D:1      | Reached skill level 3 in Spellcasting
  1120 | D:2      | HP: 1/27 [constriction (1)]
  2373 | D:2      | Reached XP level 4. HP: 25/32 MP: 0/0
  2699 | D:3      | Noticed Jessica
  2702 | D:3      | Killed Jessica
  3001 | D:3      | Reached XP level 5. HP: 35/38 MP: 0/0
  3001 | D:3      | Learned a level 2 spell: Call Imp
  3386 | D:3      | Noticed a phantom
  3391 | D:3      | Killed a phantom
  3392 | D:3      | Reached skill level 4 in Spellcasting
  4038 | D:3      | Reached XP level 6. HP: 42/45 MP: 0/0
  4472 | D:4      | Noticed Edmund
  4675 | D:4      | Noticed Robin
  4687 | D:4      | Killed Robin
  4991 | D:4      | Noticed Grinder
  4996 | D:4      | Paralysed by Grinder for 3 turns
  4999 | D:4      | Killed Grinder
  5000 | D:4      | Reached skill level 1 in Shields
  5000 | D:4      | Reached skill level 5 in Spellcasting
  5000 | D:4      | Reached XP level 7. HP: 38/51 MP: 0/0
  5000 | D:4      | Learned a level 3 spell: Ozocubu's Armour
  5261 | D:4      | Found a runed translucent door.
  5262 | D:4      | Noticed Crazy Yiuf
  5422 | D:4      | Found Dotit's Antique Weapon Emporium.
  5511 | D:4      | Killed Edmund
  5629 | D:4      | Killed Crazy Yiuf
  5922 | D:5      | Entered Level 5 of the Dungeon
  5926 | D:5      | Found Yrghaol's Weapon Emporium.
  5935 | D:5      | Reached XP level 8. HP: 24/58 MP: 0/0
  6374 | D:5      | Found a broken altar of Ashenzari.
  6436 | D:5      | Reached skill level 6 in Spellcasting
  6775 | D:5      | Found a snail-covered altar of Cheibriados.
  7316 | D:5      | Became a worshipper of Ashenzari the Shackled
  7373 | D:6      | Reached skill level 5 in Fighting
  7492 | D:6      | Noticed Duvessa
  7493 | D:6      | Noticed Dowan
  7496 | D:6      | Killed Duvessa
  7500 | D:6      | Killed Dowan
  7501 | D:6      | Reached XP level 9. HP: 40/65 MP: 0/0
  7501 | D:6      | Learned a level 4 spell: Dispel Undead
  7931 | D:6      | Found a staircase to the Ecumenical Temple.
  8009 | D:6      | Noticed Sigmund
  8013 | D:6      | Killed Sigmund
  8014 | D:6      | Reached skill level 7 in Spellcasting
  8404 | D:7      | Found a sand-covered staircase.
  8420 | Ossuary  | Entered an ossuary
  8645 | D:7      | Noticed Harold
  8669 | D:7      | Killed Harold
  8670 | D:7      | Reached skill level 8 in Spellcasting
  8670 | D:7      | Reached XP level 10. HP: 31/75 MP: 0/0
  8880 | D:7      | Reached * piety under Ashenzari
  9262 | D:8      | Reached skill level 9 in Spellcasting
  9439 | D:8      | Reached XP level 11. HP: 23/85 MP: 0/0
  9439 | D:8      | Learned a level 4 spell: Leda's Liquefaction
  9498 | D:8      | Found an ornate altar of the Wu Jian Council.
  9678 | D:8      | Found a staircase to the Lair.
  9726 | D:8      | Noticed a two-headed ogre
  9730 | D:8      | Killed a two-headed ogre
  9731 | D:8      | Reached skill level 10 in Spellcasting
 10083 | D:8      | Reached ** piety under Ashenzari
 10138 | D:9      | Found a basalt altar of Yredelemnul.
 10290 | D:9      | Reached *** piety under Ashenzari
 10390 | D:9      | Found a runed translucent gate.
 10391 | D:9      | Found a runed translucent gate.
 10392 | D:9      | Found a runed translucent gate.
 10392 | D:9      | Noticed Atlas's ghost (novice DrTm)
 10394 | D:9      | Found a bloodstained altar of Trog.
 11173 | D:10     | Entered Level 10 of the Dungeon
 11340 | D:10     | Found Duplaul's Armour Shoppe.
 11457 | D:10     | Reached **** piety under Ashenzari
 11488 | D:10     | Found a sparkling altar of Nemelex Xobeh.
 11804 | D:10     | Reached skill level 11 in Spellcasting
 11810 | D:10     | Reached skill level 10 in Fighting
 11821 | D:10     | Reached XP level 12. HP: 94/98 MP: 0/0
 12151 | D:11     | Noticed a two-headed ogre
 12156 | D:11     | Reached skill level 5 in Dodging
 12291 | D:11     | Noticed a boulder beetle
 12302 | D:11     | Killed a boulder beetle
 12397 | D:11     | Killed a two-headed ogre
 12398 | D:11     | Reached ***** piety under Ashenzari
 12482 | D:11     | Found a staircase to the Orcish Mines.
 12690 | D:11     | Noticed a two-headed ogre
 12695 | D:11     | Killed a two-headed ogre
 13239 | D:12     | Reached skill level 12 in Spellcasting
 13703 | Orc:1    | Entered Level 1 of the Orcish Mines
 13703 | Orc:1    | Noticed Maurice
 13715 | Orc:1    | Killed Maurice
 13779 | Orc:1    | Noticed Sonja
 13804 | Orc:1    | Reached XP level 13. HP: 60/109 MP: 0/0
 13804 | Orc:1    | Learned a level 5 spell: Freezing Cloud
 13806 | Orc:1    | Killed Sonja
 13991 | Orc:1    | Noticed a cacodemon
 14004 | Orc:1    | Noticed Fannar
 14006 | Orc:1    | Noticed a purple very ugly thing
 14006 | Orc:1    | Noticed Nergalle
 14013 | Orc:1    | Killed Fannar
 14014 | Orc:1    | Noticed an orc warlord
 14042 | Orc:1    | Killed Nergalle
 14146 | Orc:1    | Found a transporter.
 14190 | Orc:1    | Found a transporter.
 14201 | Orc:1    | Noticed Phlounder's ghost (journeyman DjCj)
 14309 | Orc:1    | Found a one-way gate to the infinite horrors of the Abyss.
 14311 | Orc:1    | Noticed a rakshasa
 14334 | Orc:2    | Entered Level 2 of the Orcish Mines
 14337 | Orc:2    | Noticed an orc warlord
 14436 | Orc:2    | HP: 4/110 [orc knight (32)]
 14437 | Orc:2    | Slain by an orc warrior

Illustrated notes

Levels and vault maps discovered:
D:1:      mrwooster_arrival_statue, layout_basic, ebering_ecumenical_altar_webs
D:2:      layout_loops_ring
D:3:      layout_basic, kennysheep_cross_room, uniq_jessica
D:4:      layout_cave_pods, serial_shops, nicolae_lakefront_shop,
          grunt_decor_mini_mirrors, uniq_robin, uniq_edmund, uniq_grinder,
          uniq_crazy_yiuf_cottage
D:5:      cheibrodos_quashed, layout_basic, cheibrodos_worm_habitat,
          lemuel_crystal_altar, serial_shops, kennysheep_mini
D:6:      layout_loops_ring, minmay_temple_entry_nine_rooms, uniq_duvessa,
          uniq_sigmund
D:7:      layout_cave_pools, nicolae_ossuary_entry_false_entrances,
          kb_lookout_dungeons_type, uniq_harold
D:8:      layout_gridville, nicolae_wu_jian_wuxing_cycle,
          minmay_lair_entry_grove, st_stairs_2
D:9:      layout_cave_pods, mainiacjoe_overflow_tiny_flanked,
          mainiacjoe_overflow_brackets, gammafunk_ghost_nasty_kobolds,
          roderic_serpentine_path
D:10:     layout_roguey, mainiacjoe_overflow_catwalk_spiral, serial_shops,
          nicolae_shop_trees, minmay_beelzebubs_servants
D:11:     layout_roguey, orc_0_dummy, serial_rivers,
          chequers_serial_rivers_marsh, chequers_serial_rivers_micro_d,
          chequers_serial_rivers_small_3, chequers_serial_rivers_large_a
D:12:     layout_loops_corners, david_defended_altar_orc
Orc:1:    layout_caves, gammafunk_ghost_abyssal_escape, uniq_nergalle,
          uniq_maurice, uniq_fannar, uniq_sonja
Orc:2:    grunt_orc_gardens, layout_caves, grunt_orc_garden, grunt_orc_garden,
          grunt_orc_garden, grunt_orc_garden, serial_shops,
          nicolae_shop_temple_entry_statues_fountains,
          nicolae_shop_overcharged_wands, uniq_jorgrun, uniq_snorg, uniq_azrael

Skill      XL: |  1  2  3  4  5  6  7  8  9 10 11 12 13 |
---------------+----------------------------------------+-----
Fighting       | 1 2 3 4 5 7 8 10 11 | 11.4
Spellcasting   | 3 4 5 6 8 9 11 12 | 12.6
Shields        | 1 2 4 |  4.0
Dodging        | 4 7 8 |  8.2
Stealth        | |  1.5

Action                   |  1- 3 |  4- 6 |  7- 9 | 10-12 | 13-15 || total
-------------------------+-------+-------+-------+-------+-------++-------
Melee: Staff             |       |       |     5 |     1 |       ||     6
 Cast: Sandblast         |    38 |     9 |    14 |    11 |       ||    72
       Stone Arrow       |    17 |    60 |    97 |   304 |    86 ||   564
       Passwall          |       |       |     1 |       |       ||     1
       Ozocubu's Armour  |       |       |       |     1 |       ||     1
       Petrify           |       |       |       |     2 |       ||     2
       Dispel Undead     |       |       |       |     1 |       ||     1
       Freezing Cloud    |       |       |       |       |     2 ||     2
Invok: Curse Item        |       |       |     1 |     6 |       ||     7
Evoke: Condenser vane    |       |       |       |     1 |       ||     1
  Use: Scroll            |       |       |     5 |       |       ||     5
Armor: Robe              |     1 |     4 |     5 |       |       ||    10
       Leather armour    |       |       |    27 |    31 |     1 ||    59
Dodge: Dodged            |    10 |     6 |    41 |    68 |    26 ||   151
Block: Buckler           |       |     1 |    36 |    44 |    20 ||   101

Table legend: (Time is in decaauts)
 A = Elapsed time spent in this place.
 B = Non-inter-level travel time spent in this place.
 C = Inter-level travel time spent in this place.
 D = Time resting spent in this place.
 E = Time spent auto-exploring this place.
 F = Levels seen in this place.
 G = Mean time per level.
                   A        B        C        D        E       F      G
               +--------+--------+--------+--------+--------+-----+--------+
         Total |  14442 |  13917 |    525 |    335 |  11804 |  15 |  962.8 |
       Dungeon |  13510 |  13008 |    502 |    175 |  11385 |  12 | 1125.8 |
  Orcish Mines |    735 |    712 |     23 |    129 |    315 |   2 |  367.5 |
       Ossuary |    195 |    195 |      0 |     31 |    104 |   1 |  195.0 |
               +--------+--------+--------+--------+--------+-----+--------+

Top non-repeatable levels by time:
     D:4: 1850 daAuts
     D:2: 1724 daAuts
     D:3: 1522 daAuts
     D:5: 1298 daAuts
     D:9: 1160 daAuts
     D:6: 1043 daAuts
    D:10: 938 daAuts
     D:1: 934 daAuts
     D:8: 854 daAuts
    D:12: 799 daAuts
    D:11: 710 daAuts
   Orc:1: 700 daAuts
     D:7: 673 daAuts
 Ossuary: 195 daAuts
   Orc:2: 34 daAuts
